 Dungeon Crawl Stone Soup version 0.23.2 (webtiles) character file.

Game seed: 8910036509844319135

85 poirepourri the Magician (level 4, -1/30 HPs)
             Began as a Mummy Necromancer on Apr 8, 2019.
             Slain by a centaur skeleton (7 damage)
             ... on level 2 of the Dungeon.
             The game lasted 00:02:30 (1653 turns).

poirepourri the Magician (Mummy Necromancer)        Turns: 1653, Time: 00:02:30

Health: -1/30      AC:  2    Str: 11    XL:     4   Next: 25%
Magic:  2/11       EV: 12    Int: 15    God:
Gold:   75         SH:  0    Dex: 12    Spells: 5/14 levels left

rFire    x . .     SeeInvis .   a - +1 dagger (venom)
rCold    + . .     Gourm    .   (no shield)
rNeg     + + +     Faith    .   e - +0 robe
rPois    ∞         Spirit   .   (no helmet)
rElec    .         Reflect  .   (no cloak)
rCorr    .         Harm     .   (no gloves)
MR       .....                  (no boots)
Stlth    ++........             (no amulet)
HPRegen  0.10/turn              (no ring)
MPRegen  0.12/turn              (no ring)

@: no status effects
A: no food or potions, fire vulnerability, cold resistance 1, negative energy
resistance 3, torment resistance, unbreathing
a: no special abilities


You were on level 2 of the Dungeon.
You were not hungry.

You visited 1 branch of the dungeon, and saw 2 of its levels.

You collected 75 gold pieces.

Inventory:

Hand Weapons
 a - a +1 dagger of venom (weapon)
Armour
 e - a +0 robe (worn)
Scrolls
 b - 3 scrolls of identify


   Skills:
 - Level 1.5 Dodging
 - Level 1.5 Stealth
 + Level 5.5 Spellcasting
 - Level 4.1 Necromancy


You had 5 spell levels left.
You knew the following spells:

 Your Spells              Type           Power        Failure   Level  Hunger
a - Pain                  Necr           ###.         2%          1    N/A
b - Animate Skeleton      Necr           N/A          2%          1    N/A
c - Vampiric Draining     Necr           ###.......   9%          3    N/A
d - Animate Dead          Necr           N/A          28%         4    N/A

Your spell library contained the following spells:

 Spells                   Type           Power        Failure   Level  Hunger
 Regeneration             Chrm/Necr      Unusable     N/A         3    N/A

Dungeon Overview and Level Annotations

Branches:
Dungeon (2/15)

Altars:


Innate Abilities, Weirdness & Mutations

You do not eat or drink.
Your flesh is vulnerable to fire.
You are immune to poison.
Your flesh is cold resistant. (rC+)
You are immune to negative energy. (rN+++)
You are immune to unholy pain and torment.
You can survive without breathing.


Message History

Aim: an adder The adder is almost dead.
You feel life coursing into your body. The adder closely misses you.
The adder completely misses you.
Casting: Vampiric Draining (safe; 9% risk of failure)
Confirm with . or Enter, or press ? or * to list all spells.
Aiming: Vampiric Draining (safe; 9% risk of failure)
Press: ? - help, Shift-Dir - straight line, f/p - adder
Aim: an adder (almost dead)
You kill the adder!
The centaur skeleton completely misses you.
You can't drink.
Unknown command.
You don't have any unidentified items.
The centaur skeleton hits you.
* * * LOW HITPOINT WARNING * * *
A goblin comes into view.
The goblin shouts!
The goblin hits you but does no damage. The centaur skeleton hits you!
You die...

...##########........# ....
.....................# #.$..
...###########...<...#######†....
...### #.......##..........
##...# #####.........##..#....
###.######.....####.#####.## ###
#..........##### #.... ..#
#..........#######.#..#####
###..##.......Z@#.. #.#
##.##....####.g......
####.##....#. ....###.##
##........... ###### .
............# ####### .[
.........>..### #.....# ....
###)###.......####.....#.....
#................S...S#.....
##..####÷............)....%.%


You could see a goblin and a centaur skeleton.

Vanquished Creatures
  4 adders (D:2)
  A worm (D:2)
  A dart slug (D:1)
  A leopard gecko (D:1)
  7 hobgoblins
  2 jackals (D:1)
  10 kobolds
  A quokka (D:2)
  4 bats
  2 frilled lizards (D:1)
  7 goblins
  3 rats
43 creatures vanquished.

Notes
Turn   | Place    | Note
-------+----------+-------------------------------------------
     0 | D:1      | poirepourri the Mummy Necromancer began the quest for the
                  | Orb.
     0 | D:1      | Reached XP level 1. HP: 13/13 MP: 4/4
   204 | D:1      | Reached skill level 3 in Spellcasting
   245 | D:1      | Reached XP level 2. HP: 15/19 MP: 0/6
   530 | D:1      | Reached skill level 4 in Spellcasting
   805 | D:1      | Learned a level 1 spell: Animate Skeleton
   888 | D:1      | Reached XP level 3. HP: 21/24 MP: 0/8
   987 | D:1      | Learned a level 3 spell: Vampiric Draining
  1279 | D:2      | Reached skill level 5 in Spellcasting
  1308 | D:2      | Reached XP level 4. HP: 16/30 MP: 1/11
  1531 | D:2      | Learned a level 4 spell: Animate Dead
  1653 | D:2      | Slain by a centaur skeleton

Skill      XL: |  1  2  3 |
---------------+----------+-----
Spellcasting   | 3 4 5 |  5.5
Dodging        | |  1.5
Stealth        | |  1.5
Necromancy     | |  4.1

Action                   |  1- 3 |  4- 6 || total
-------------------------+-------+-------++-------
Melee: Short sword       |    11 |       ||    11
       Dagger            |     6 |     2 ||     8
 Cast: Pain              |    68 |    16 ||    84
       Animate Skeleton  |     1 |       ||     1
       Vampiric Draining |       |     2 ||     2
  Use: Scroll            |     3 |       ||     3
Armor: Robe              |    11 |     1 ||    12
Dodge: Dodged            |    44 |    13 ||    57
